 Dungeon Crawl Stone Soup version 0.30-a0-852-g08b95dd62f (webtiles) character file.

Game seed: 8855752935468236406

228 ragingrage the Sneak (level 5, -1/42 HPs)
             Began as a Demonspawn Delver on Mar 5, 2023.
             Slain by a water moccasin (3 damage)
             ... on level 4 of the Dungeon.
             The game lasted 00:02:16 (1189 turns).

ragingrage the Sneak (Demonspawn Delver)            Turns: 1189, Time: 00:02:17

Health: -1/42      AC:  9    Str: 12    XL:     5   Next: 71%
Magic:  5/5        EV:  6    Int: 11    God:
Gold:   35         SH:  0    Dex: 17    Spells: 4/4 levels left

rFire   . . .      SeeInvis .    a - +0 falchion
rCold   . . .      Faith    .    (no shield)
rNeg    . . .      Spirit   .    h - +1 chain mail {rPois}
rPois   +          Reflect  .    (helmet restricted)
rElec   .          Rampage  .    (no cloak)
rCorr   .                        (no gloves)
Will    .....                    (no boots) Stlth
                                 (no amulet)
HPRegen 0.27/turn                (no ring)
MPRegen 0.09/turn                (no ring)

@: attractive
A: antennae 2
a: no special abilities


You were on level 4 of the Dungeon.
You visited 1 branch of the dungeon, and saw 3 of its levels.

You collected 35 gold pieces.

Inventory:

Hand Weapons
 a - a +0 falchion (weapon)
Armour
 b - a +0 leather armour
 h - a +1 chain mail of poison resistance (worn)
Wands
 g - a wand of digging (3)
Scrolls
 c - a scroll of fog
 d - a scroll of magic mapping


   Skills:
 - Level 3.7 Fighting
 + Level 4.1 Long Blades
 - Level 2.6 Dodging
 - Level 5.1 Stealth


You had 4 spell levels left.
You didn't know any spells.
Your spell library contained the following spells:

 Spells                   Type           Power      Damage    Failure   Level
 Slow                     Hex            0%         N/A       100%        1
 Confusing Touch          Hex            0%         N/A       100%        3
 Vampiric Draining        Necr           0%         2d6       100%        3


Dungeon Overview and Level Annotations

Branches:
Dungeon (6/15)
 Temple: D:4-7

Altars:

Annotations:
D:4 exclusion: downstairs


Innate Abilities, Weirdness & Mutations

You have a pair of antennae on your head.


Message History

The water moccasin poisons you!
It was a potion of heal wounds.
You feel much better.
You feel very sick.
The water moccasin bites you but does no damage.
The water moccasin bites you.
You closely miss the water moccasin.
You feel very sick.
The water moccasin bites you but does no damage.
You hit the water moccasin.
You feel sick. The water moccasin bites you.
The water moccasin bites you but does no damage.
You closely miss the water moccasin.
You feel sick. The water moccasin bites you.
You barely miss the water moccasin.
You feel sick.
The water moccasin bites you but does no damage.
The water moccasin barely misses you.
You hit the water moccasin.
You feel sick. The water moccasin barely misses you.
You hit the water moccasin.
You feel sick. The water moccasin bites you. x2
* * * LOW HITPOINT WARNING * * *
You miss the water moccasin.
You feel sick.
You are no longer poisoned.
The water moccasin bites you.
* * * LOW HITPOINT WARNING * * *
The water moccasin bites you but does no damage.
You closely miss the water moccasin.
The water moccasin bites you but does no damage.
You barely miss the water moccasin. The water moccasin bites you.
* * * LOW HITPOINT WARNING * * *
The water moccasin bites you but does no damage.
You barely miss the water moccasin.
The water moccasin bites you but does no damage.
You closely miss the water moccasin. The water moccasin bites you.
* * * LOW HITPOINT WARNING * * *
The water moccasin bites you.
* * * LOW HITPOINT WARNING * * *
Unknown command.
It was a potion of attraction.
You feel attractive to monsters. The water moccasin bites you.
You die...

##.## #.###.##..##<#
#...# #.....##....<.
#.#.# ##.......##..#
#...# #.##.##.##..#
###)# #.##.##......
#.# #.##........#
#.# ####.##........#
#.###..........#####
#.S@..########## #.
####### #. #. #. #.
#. #. ###. #...


You could see a water moccasin.

Vanquished Creatures
  A bullfrog (D:6)
  A howler monkey (D:6)
  A hound (D:4)
  4 gnolls (D:4)
  4 adders
  An ufetubus (D:6)
  A dart slug (D:4)
  5 orcs (D:4)
  An endoplasm (D:4)
  A goblin (D:4)
  2 hobgoblins (D:4)
  A quokka (D:4)
23 creatures vanquished.

Notes
Turn   | Place    | Note
-------+----------+-------------------------------------------
     0 | D:5      | ragingrage the Demonspawn Delver began the quest for the
                  | Orb.
     0 | D:5      | Reached XP level 1. HP: 18/18 MP: 1/1
    22 | D:6      | Gained mutation: You have a pair of small antennae on your
                  | head. [demonic ancestry]
    22 | D:6      | Reached XP level 2. HP: 18/24 MP: 2/2
    53 | D:6      | Noticed a howler monkey
    66 | D:6      | Killed a howler monkey
    67 | D:6      | Gained mutation: You have a pair of antennae on your head.
                  | [demonic ancestry]
    67 | D:6      | Reached XP level 3. HP: 20/29 MP: 3/3
    71 | D:6      | Noticed a bullfrog
    88 | D:6      | Killed a bullfrog
    89 | D:6      | Reached skill level 5 in Stealth
    89 | D:6      | Reached XP level 4. HP: 3/37 MP: 4/4
    93 | D:6      | Noticed a sky beast
   128 | D:5      | Noticed a scorpion
   466 | D:4      | Reached XP level 5. HP: 26/42 MP: 5/5
  1162 | D:4      | Noticed a water moccasin
  1188 | D:4      | HP: 2/42 [water moccasin (1)]
  1189 | D:4      | Slain by a water moccasin

Illustrated notes

Levels and vault maps discovered:
D:4:      layout_loops_cross, serial_shops, kennysheep_mini_moat
D:5:      layout_cave_pools, marbit_many_paths, roderic_serpentine_path
D:6:      layout_loops_ring, serial_glass, glass_columns_a, glass_columns_b,
          glass_columns_a, glass_columns_b, minmay_circle_x

Skill      XL: |  1  2  3  4  5 |
---------------+----------------+-----
Long Blades    | 2 3 4 |  4.1
Dodging        | 2 |  2.6
Stealth        | 5 |  5.1
Fighting       | |  3.7

Action                     |  1- 3 |  4- 6 || total
---------------------------+-------+-------++-------
  Melee: Falchion          |    29 |   107 ||   136
    Use: Potion            |     1 |     2 ||     3
         Scroll            |       |     1 ||     1
   Stab: Sleeping          |     1 |     2 ||     3
 Armour: Leather armour    |    14 |    12 ||    26
         Chain mail        |       |    11 ||    11
  Dodge: Dodged            |    25 |    75 ||   100

Table legend: (Time is in decaauts)
 A = Elapsed time spent in this place.
 B = Non-inter-level travel time spent in this place.
 C = Inter-level travel time spent in this place.
 D = Time resting spent in this place.
 E = Time spent auto-exploring this place.
 F = Levels seen in this place.
 G = Mean time per level.
                   A        B        C        D        E       F      G
               +--------+--------+--------+--------+--------+-----+--------+
         Total |   1193 |   1193 |      0 |    432 |    307 |   3 |  397.7 |
       Dungeon |   1193 |   1193 |      0 |    432 |    307 |   3 |  397.7 |
               +--------+--------+--------+--------+--------+-----+--------+

Top non-repeatable levels by time:
     D:4: 1069 daAuts
     D:6: 97 daAuts
     D:5: 27 daAuts
